 Dungeon Crawl Stone Soup version 0.29.1-1-gd02db69 (webtiles) character file.

Game seed: 319760895892258642

62 Coops66 the Poker (level 4, -7/35 HPs)
             Began as a Human Berserker on Nov 23, 2022.
             Was a Believer of Trog.
             Mangled by Natasha (9 damage)
             ... on level 2 of the Dungeon.
             The game lasted 00:22:50 (3238 turns).

Coops66 the Poker (Human Berserker)                 Turns: 3238, Time: 00:22:50

Health: -7/35      AC:  2    Str: 23    XL:     4   Next: 28%
Magic:  4/4        EV: 12    Int:  9    God:    Trog [**....]
Gold:   90         SH:  0    Dex: 13    Spells: 3/3 levels left

rFire   . . .      SeeInvis .   a - +0 spear
rCold   . . .      Faith    .   (no shield)
rNeg    . . .      Spirit   .   h - +0 robe
rPois   .          Reflect  .   (no helmet)
rElec   .          Harm     .   (no cloak)
rCorr   .          Rampage  .   (no gloves)
Will    .....                   (no boots)
Stlth   ++........              (no amulet)
HPRegen 0.11/turn               c - +6 ring of strength
MPRegen 0.09/turn               (no ring)

@: no status effects
A: no striking features
a: Renounce Religion, Berserk, Trog's Hand


You were on level 2 of the Dungeon.
You worshipped Trog.
Trog was pleased with you.
You visited 1 branch of the dungeon, and saw 2 of its levels.

You collected 90 gold pieces.

Inventory:

Hand Weapons
 a - a +0 spear (weapon)
 d - a +0 whip
 k - a +0 dagger
 o - a +0 flail
Missiles
 e - 8 stones (quivered)
Armour
 b - a +0 animal skin
 h - a +0 robe (worn)
Jewellery
 c - a +6 ring of strength (left hand)
Scrolls
 f - a scroll of teleportation {unknown}
 g - a scroll of summoning {unknown}
 m - a scroll of amnesia {unknown}
 n - a scroll of torment {unknown}
Potions
 i - a potion of heal wounds {unknown}
 j - 2 potions of haste {unknown}
 l - a potion of brilliance {unknown}


   Skills:
 + Level 3.4 Fighting
 + Level 3.9 Polearms
 + Level 2.1 Armour
 + Level 2.4 Dodging
 + Level 0.8 Stealth


You had 3 spell levels left.
You didn't know any spells.
Your spell library contained the following spells:

 Spells                   Type           Power      Damage    Failure   Level
 Sandblast                Erth           0%         2d4       38%         1
 Blade Hands              Tmut           0%         N/A       100%        5
 Lehudib's Crystal Spear  Conj/Erth      0%         10d2      100%        8


Dungeon Overview and Level Annotations

Branches:
Dungeon (2/15)

Altars:

Annotations:
D:2 Natasha


Message History

* * * LOW HITPOINT WARNING * * *
The shadow imp gestures at you. Pain shoots through your body!
* * * LOW HITPOINT WARNING * * *
The shadow imp laughs crazily.
The shadow imp attacks as you move away!
The shadow imp misses you. The adder closely misses you.
The adder attacks as you move away! The adder completely misses you.
Natasha wildly gestures.
Natasha glows brightly for a moment.
The shadow imp hits you.
* * * LOW HITPOINT WARNING * * *
Natasha casts a spell at you. The magic dart hits you.
* * * LOW HITPOINT WARNING * * *
The adder bites you but does no damage.
Found 6 stones.
The shadow imp disappears in a puff of smoke!
You hit the adder.
You kill the adder!
Trog accepts your kill.
You barely miss Natasha. Natasha closely misses you.
You closely miss Natasha. Natasha claws you.
* * * LOW HITPOINT WARNING * * *
You hit Natasha.
Natasha is lightly wounded.
Natasha barely misses you.
You hit Natasha but do no damage.
Natasha is lightly wounded.
Natasha casts a spell.
You barely miss Natasha.
Natasha is lightly wounded.
Natasha mumbles some strange words.
You closely miss Natasha.
Natasha is lightly wounded.
You hit Natasha.
Natasha is heavily wounded.
The shadow imp disappears in a puff of smoke!
Natasha claws you!
You die...

.. #.....#...#... #...
..###....##.##.#(. #.. ######
......#...###..#.# #.###.....
......#.......##.#####+#.........
.......#......##.##..............
.......'......##.##..............
.......#.#.....#.##..............
.......#....#.##.#####'#.........
###...........§h@......#.#.......
....######.#.55######..#.#.......
...........+...........#.+.....##
........##+#.....#####..##.....#
..................#............#
...............#..#.###+#.#....#
....####..........#.#.......##.#
####........#####.#.#....#..##++
+......†.......#.#....##...


You could see Natasha and 2 crimson imps.

Vanquished Creatures
  2 adders (D:2)
  2 ball pythons
  An endoplasm (D:1)
  8 goblins
  6 hobgoblins
  6 jackals
  3 quokkas
  3 bats
  6 frilled lizards
  2 kobolds (D:1)
  2 rats (D:1)
41 creatures vanquished.

Notes
Turn   | Place    | Note
-------+----------+-------------------------------------------
     0 | D:1      | Coops66 the Human Berserker began the quest for the Orb.
     0 | D:1      | Reached XP level 1. HP: 18/18 MP: 1/1
   250 | D:1      | Reached XP level 2. HP: 21/24 MP: 2/2
   629 | D:1      | Reached XP level 3. HP: 28/29 MP: 3/3
   682 | D:1      | Found a faded altar of an unknown god.
  2447 | D:2      | Got the Octavo of Arenous Transmigration
  2581 | D:2      | Reached ** piety under Trog
  2907 | D:2      | Reached XP level 4. HP: 10/35 MP: 4/4
  3197 | D:2      | Noticed Natasha
  3238 | D:2      | Mangled by Natasha

Illustrated notes

Levels and vault maps discovered:
D:1:      dpeg_arrival_simpleton_b, layout_loops_ring,
          shapermc_ecumenical_altar_totnotflames,
          amcnicky_mini_rare_corridor_liquid
D:2:      cheibrodos_greedy_goblins, layout_basic, serial_rivers,
          chequers_serial_rivers_small_b, chequers_serial_rivers_micro_a,
          chequers_serial_rivers_large_b, chequers_serial_rivers_room_a,
          nrook_campfire, uniq_natasha, uniq_sigmund

Action                   |  1- 3 |  4- 6 || total
-------------------------+-------+-------++-------
Melee: Spear             |   135 |    15 ||   150
Armor: Animal skin       |     9 |       ||     9
       Robe              |    11 |     6 ||    17
Dodge: Dodged            |    78 |    14 ||    92
